 Dungeon Crawl Stone Soup version 0.20-a0-223-g066d66b (webtiles) character file.

81 Britannicus the Slasher (level 4, -2/40 HPs)
             Began as a Draconian Monk on Nov 30, 2016.
             Was a Believer of Fedhas.
             Killed by nerve-wracking pain
             ... invoked by an orc priest
              (11 damage)
             ... on level 3 of the Dungeon.
             The game lasted 00:10:49 (1630 turns).

Britannicus the Slasher (Draconian Monk)            Turns: 1630, Time: 00:10:50

Health: -2/40      AC:  5    Str: 15    XL:     4   Next: 20%
Magic:  4/4        EV: 13    Int: 10    God:    Fedhas [**....]
Gold:   59         SH:  0    Dex: 13    Spells: 3/3 levels left

rFire  . . .     SeeInvis .     a - +0 falchion
rCold  . . .     Gourm    .     (armour unavailable)
rNeg   . . .     Faith    .     (no shield)
rPois  .         Spirit   .     (helmet restricted)
rElec  .         Reflect  .     (no cloak)
rCorr  .         Harm     .     (no gloves)
MR     .....                    (no boots)
Stlth  ++........               q - amulet of magic regeneration
                                (no ring)
                                (no ring)

@: no status effects
A: unfitting armour, cold-blooded, AC +5
a: Fungal Bloom, Evolution, Sunlight, Renounce Religion


You were on level 3 of the Dungeon.
You worshipped Fedhas.
Fedhas was pleased with you.
You were hungry.

You visited 1 branch of the dungeon, and saw 3 of its levels.

You collected 59 gold pieces.

Inventory:

Hand Weapons
 a - a +0 falchion (weapon)
Jewellery
 e - a +4 amulet of reflection
 q - an amulet of magic regeneration (around neck)
Scrolls
 k - 2 scrolls of identify
 l - 2 scrolls of fog {unknown}
 m - a scroll of remove curse {unknown}
 n - a scroll of fear {unknown}
Potions
 d - a potion of berserk rage {unknown}
 g - a potion of might {unknown}
 h - a potion of haste {unknown}
 j - a potion of curing {unknown}
 o - a potion of flight {unknown}
 p - a potion of cure mutation {unknown}
Comestibles
 b - 3 bread rations
 c - a royal jelly
 f - a fruit
 i - 2 meat rations


   Skills:
 + Level 3.7 Fighting
 + Level 4.1 Long Blades
 + Level 3.3 Dodging
 + Level 2.0 Stealth


You had 3 spell levels left.
You didn't know any spells.

Dungeon Overview and Level Annotations

Branches:
Dungeon (3/15)

Altars:
Ashenzari
Fedhas
Gozag
Qazlal
Sif Muna


Innate Abilities, Weirdness & Mutations

Your plain brown scales are hard. (AC +5)
You cannot fit into any form of body armour.
You are cold-blooded and may be slowed by cold attacks.


Message History

The orc priest shouts!
The orc priest calls down the wrath of Beogh upon you.
Beogh smites you! The orc barely misses you.
You completely miss the orc. You barely miss the orc.
The orc barely misses you.
An orc comes into view.
The orc priest invokes the aid of Beogh against you.
Beogh smites you! The orc barely misses you.
The orc shouts! x2
You hit the orc but do no damage. The orc barely misses you. x2
The orc hits you but does no damage. The orc hits you with a short sword.
* * * LOW HITPOINT WARNING * * *
The orc priest misses you.
You closely miss the orc. The orc barely misses you.
You riposte.
You barely miss the orc. The orc hits you but does no damage. x2
The orc priest calls down the wrath of Beogh upon you.
Pain shoots through your body!
You die...
Fedhas appreciates your contribution to the ecosystem.

#.# #.#
####.#
##....#
..#..# ....#
#.#.# ###o#o#
#..o@o#
###.###o#
....##..#####
#..........#
#..#.#.#.#.#
#..........#
#..#.#.#.#.#
##.........#
#.#.#.#.#.#


You could see an orc priest and 4 orcs.

Vanquished Creatures
  3 adders (D:2)
  A worm (D:2)
  A dart slug (D:1)
  A leopard gecko (D:2)
  3 giant cockroaches
  6 goblins
  4 hobgoblins
  6 jackals
  3 kobolds
  2 quokkas (D:2)
  6 bats
  7 frilled lizards
  7 rats
50 creatures vanquished.

Vanquished Creatures (others)
  A goblin (D:2)
  8 toadstools
9 creatures vanquished.

Grand Total: 59 creatures vanquished

Notes
Turn   | Place    | Note
-------+----------+-------------------------------------------
     0 | D:1      | Britannicus the Draconian Monk began the quest for the Orb.
     0 | D:1      | Reached XP level 1. HP: 19/19 MP: 1/1
   203 | D:1      | Reached XP level 2. HP: 25/26 MP: 2/2
   746 | D:2      | Reached XP level 3. HP: 28/31 MP: 3/3
   782 | D:2      | Found a deep blue altar of Sif Muna.
   979 | D:2      | Found a blossoming altar of Fedhas.
   997 | D:2      | Became a worshipper of Fedhas Madash
   997 | D:2      | Reached * piety under Fedhas
   997 | D:2      | Reached ** piety under Fedhas
  1066 | D:2      | Found a stormy altar of Qazlal.
  1166 | D:2      | Reached skill level 4 in Long Blades
  1254 | D:2      | Reached XP level 4. HP: 27/40 MP: 4/4
  1409 | D:3      | Found a shattered altar of Ashenzari.
  1555 | D:3      | Found an opulent altar of Gozag.
  1630 | D:3      | Killed from afar by an orc priest

Vault maps used:
D:1:      mainiacjoe_arrival_reflecting_pool
D:2:      led_sif_pool, grunt_qazlal_clouds, fedhas_altar_3
D:3:      grunt_gozag_breadcrumbs, first_bread, serial_glass, glass_columns_c,
          glass_columns_a, glass_columns_a, glass_columns_c, ashenzari_altar_1

Skill      XL: |  1  2  3  4 |
---------------+-------------+-----
Dodging        | 3 |  3.3
Long Blades    | 4 |  4.1
Stealth        | 2 |  2.0
Fighting       | |  3.7

Action                   |  1- 3 |  4- 6 || total
-------------------------+-------+-------++-------
Melee: Falchion          |   126 |    37 ||   163
       Tailslap          |    17 |     4 ||    21
Invok: Fungal Bloom      |     4 |     2 ||     6
  Use: Scroll            |     1 |     1 ||     2
 Stab: Sleeping          |     2 |       ||     2
  Eat: Fruit             |       |     2 ||     2
Armor: Skin              |    35 |    15 ||    50
Dodge: Dodged            |   110 |    25 ||   135
Block: Other             |    24 |    11 ||    35
       Rpst.: Falchion   |    27 |     6 ||    33
